 Dungeon Crawl Stone Soup version 0.29-a0-1009-g60c99734e7 (webtiles) character file.

Game seed: 3484316479697267449

43211 IdlyInterested the Grappler (level 13, -1/86 HPs)
             Began as a Demonspawn Fighter on Aug 5, 2022.
             Slain by a six-headed hydra (8 damage)
             ... on level 5 of the Lair of Beasts on Aug 8, 2022.
             The game lasted 01:14:36 (18503 turns).

IdlyInterested the Grappler (Demonspawn Fighter)   Turns: 18503, Time: 01:14:37

Health: -1/86      AC: 20    Str: 18    XL:     13   Next: 89%
Magic:  22/22      EV: 12    Int: 19    God:
Gold:   939        SH:  5    Dex: 15    Spells: 18/24 levels left

rFire   . . .      SeeInvis .   A - +11 mace "String" {speed, Will++}
rCold   . . .      Faith    .   (no shield)
rNeg    . . .      Spirit   .   Z - +0 acid dragon scales
rPois   +          Reflect  +   F - +2 helmet of Oblivion {Dex+2}
rElec   .          Harm     .   I - +2 cloak
rCorr   +          Rampage  .   (no gloves)
Will    ++...                   p - +2 pair of boots
Stlth   ++........              l - amulet of reflection
HPRegen 0.24/turn               D - ring of poison resistance
MPRegen 0.18/turn               C - +4 ring of protection

@: no status effects
A: demonic guardian 1, powered by death 1, big brain 3, demonic touch 2
a: no special abilities


You were on level 5 of the Lair of Beasts.
You visited 3 branches of the dungeon, and saw 16 of its levels.
You also visited: Volcano.

You collected 1261 gold pieces.
You spent 322 gold pieces at shops.

Inventory:

Hand Weapons
 m - a +4 vorpal morningstar
 A - the +11 mace "String" (weapon) {speed, Will++}
   (You found it on level 3 of the Dungeon)

   Attacks with this weapon are significantly faster.
   Will:      It greatly increases your willpower.
 O - a +2 great mace of flaming
 T - a -1 demon whip of venom
Missiles
 f - 9 boomerangs (quivered)
 w - 4 throwing nets
 x - 5 curare-tipped darts
Armour
 b - +0 steam dragon scales
 c - the +3 buckler of the Vanishing Leylines {Drain rElec rN+++ Stlth+}
   (You found it on level 2 of the Lair of Beasts)

   rElec:     It insulates you from electricity.
   rN:        It renders you almost immune to negative energy.
   Drain:     It drains your maximum health when unequipped.
   Stlth:     It makes you more stealthy.
 p - a +2 pair of boots (worn)
 y - an orb of light
 z - a +3 scale mail of fire resistance
 F - the +2 helmet of Oblivion (worn) {Dex+2}
   (You found it on level 4 of the Dungeon)

   Dex:       It affects your dexterity (+2).
 I - a +2 cloak (worn)
 V - a +1 robe of fire resistance
 Z - +0 acid dragon scales (worn)
Magical Staves
 s - a staff of conjuration
 u - a staff of poison
Jewellery
 h - a ring of fire
 l - an amulet of reflection (around neck)
 C - a +4 ring of protection (right hand)
 D - a ring of poison resistance (left hand)
Wands
 n - a wand of paralysis (19)
 v - a wand of flame (38)
 H - a wand of polymorph (3)
 M - a wand of roots (1)
 S - a wand of digging (5)
Scrolls
 a - 2 scrolls of summoning
 e - 5 scrolls of blinking
 g - 3 scrolls of poison
 i - a scroll of enchant armour
 E - 3 scrolls of fog
 J - 7 scrolls of teleportation
 L - a scroll of enchant weapon
 Q - a scroll of fear
 U - 3 scrolls of amnesia
 Y - a scroll of brand weapon
Potions
 d - a potion of might
 j - 5 potions of flight
 k - 4 potions of haste
 o - 3 potions of cancellation
 q - 2 potions of berserk rage
 r - 3 potions of brilliance
 t - 3 potions of curing
 B - 2 potions of magic
 G - 2 potions of resistance
 N - a potion of ambrosia
 R - 2 potions of invisibility
 W - a potion of mutation
Miscellaneous
 X - a box of beasts


   Skills:
 - Level 3.0 Fighting
 - Level 10.5(12.2) Maces & Flails
 - Level 10.0(12.0) Staves
 - Level 3.0 Throwing
 - Level 3.0 Armour
 - Level 3.0 Dodging
 - Level 3.0 Stealth
 - Level 3.0 Shields
 * Level 11.1 Unarmed Combat
 + Level 6.1 Spellcasting
 - Level 7.0 Conjurations
 - Level 3.0 Fire Magic
 - Level 3.0 Air Magic
 - Level 3.0 Poison Magic
 - Level 7.0 Evocations


You had 18 spell levels left.
You knew the following spells:

 Your Spells              Type           Power      Damage    Failure   Level
a - Static Discharge      Conj/Air       24%        3-6/arc   1%          2
b - Sticky Flame          Conj/Fire      24%        2d5       8%          4

Your spell library contained the following spells:

 Spells                   Type           Power      Damage    Failure   Level
 Scorch                   Fire           34%        2d7       2%          2
 Slow                     Hex            20%        N/A       6%          1
 Blink                    Tloc           10%        N/A       9%          2
 Inner Flame              Hex/Fire       11%        N/A       10%         3
 Confusing Touch          Hex            5%         N/A       17%         3
 Gell's Gravitas          Tloc           5%         N/A       17%         3
 Lesser Beckoning         Tloc           5%         N/A       17%         3
 Ozocubu's Armour         Ice            5%         N/A       17%         3
 Teleport Other           Tloc           5%         N/A       17%         3
 Vampiric Draining        Necr           5%         2d6       17%         3
 Dispel Undead            Necr           5%         3d7       47%         4
 Passage of Golubria      Tloc           5%         N/A       47%         4
 Petrify                  Tmut/Erth      5%         N/A       47%         4
 Summon Ice Beast         Ice/Summ       5%         N/A       47%         4
 Silence                  Hex/Air        5%         N/A       61%         5
 Starburst                Conj/Fire      12%        6d5       71%         6
 Metabolic Englaciation   Hex/Ice        2%         N/A       82%         5
 Statue Form              Tmut/Erth      3%         N/A       100%        6
 Ozocubu's Refrigeration  Ice            2%         4d8       100%        7
 Spellforged Servitor     Conj/Summ      9%         N/A       100%        7
 Lehudib's Crystal Spear  Conj/Erth      9%         10d4      100%        8


Dungeon Overview and Level Annotations

Branches:
Dungeon (10/15)            Temple (1/1) D:6            Lair (5/5) D:10
 Shoals (0/4) Lair:2       Spider (0/4) Lair:3        Slime (0/5) Lair:5
Volcano (visited)
    Orc: D:9-12

Altars:
Ashenzari
Cheibriados
Dithmenos
Fedhas
Gozag
Hepliaklqana
Kikubaaqudgha
Makhleb
Nemelex Xobeh
Okawaru
Qazlal
Ru
Sif Muna
Trog
Uskayaw
Vehumet
Wu Jian
Xom
Yredelemnul
Jiyva

Shops:
D:3 :   D:5 *


Innate Abilities, Weirdness & Mutations

A weak demonic guardian rushes to your aid.
You regenerate a little health from kills.
You have an absolutely massive brain. (Int +6, Wiz)
Your touch may inflict irresistible damage on your foes.


Message History

You sock the six-headed hydra!
The six-headed hydra is severely wounded.
You hear an angry buzzing noise.
The black mamba bites you but does no damage.
The water moccasin bites you but does no damage.
You block the cane toad's attack.
The blink frog hits you but does no damage.
You hit the six-headed hydra.
The six-headed hydra is almost dead.
The bullfrog hits you but does no damage.
Your shadow imp completely misses the bullfrog.
A blink frog comes into view.
The black mamba bites you.
* * * LOW HITPOINT WARNING * * *
The six-headed hydra bites you.
* * * LOW HITPOINT WARNING * * *
The six-headed hydra bites you but does no damage.
The six-headed hydra bites you.
* * * LOW HITPOINT WARNING * * *
The six-headed hydra bites you but does no damage. x3
The water moccasin bites you but does no damage.
You barely miss the six-headed hydra.
The six-headed hydra is almost dead.
The blink frog closely misses you. You block the cane toad's attack.
Something stings the plant.
The plant begins to die.
The bullfrog hits you but does no damage.
You block the black mamba's attack.
Unknown command.
The blink frog gives a loud, deep croak!
You sock the six-headed hydra!
The six-headed hydra is almost dead.
You hear a croak.
You hear an angry buzzing noise.
You hear a croak. x2
Your shadow imp closely misses the bullfrog.
The water moccasin closely misses you. The blink frog hits you!
* * * LOW HITPOINT WARNING * * *
The blink frog blinks!
The black mamba misses you. The cane toad closely misses you.
You block the bullfrog's attack.
A bullfrog comes into view.
The six-headed hydra bites you!
You die...

. #####.PF.....
..#.............~~ F~
...#..>.........~## ##FP
..l..._........~~~##~~~#
................~P#~~~≈#
#..<....#...~~~y~~~#
#......#....~~≈P≈~~#
#.F........F~§~~~~P#
#..........S@D~≈~~.#
...........S.F~≈~~##
.............~.5~~.#
...)...........P.P~P#
.................~~~##
P....F.....~...#
.............~P#
............####
.............


You could see a six-headed hydra, a black mamba, a cane toad, 2 blink frogs, a
water moccasin, a vampire mosquito, 2 bullfrogs and a friendly shadow imp
(summoned).

Vanquished Creatures
  Kirke (Lair:3)
  2 hydras
  An ice dragon (Lair:3)
  An ogre mage (Volcano)
  A boulder beetle (Lair:2)
  4 two-headed ogres (Volcano)
  A hell knight (Volcano)
  Amaemon (D:9)
  Pikel (D:4)
  A cyclops (D:10)
  2 merfolk sirens (Lair:2)
  7 elephants
  5 black mambas
  2 rime drakes
  A torpor snail (Lair:1)
  A gargoyle (D:10)
  An orange demon (D:9)
  6 cane toads
  3 kobold demonologists
  Maggie (D:10)
  An unseen horror zombie (D:8)
  6 komodo dragons
  A merfolk (Lair:2)
  7 trolls
  A polar bear (Lair:3)
  The ghost of Tollund the Conjurer, an amateur DrCj of Vehumet (D:5)
  4 blink frogs (Lair:4)
  3 hornets
  5 dream sheep (Lair:4)
  3 wyverns
  A shadow (D:9)
  40 yaks
  3 hogs (Lair:3)
  3 basilisks
  2 steam dragons (D:7)
  Grum (D:9)
  2 acid dragons (D:10)
  10 water moccasins
  2 orc warriors
  2 black bears
  An ice beast (D:6)
  3 ogres
  11 centaurs
  41 wolves
  2 kobold brigands
  6 bullfrogs
  A gnoll sergeant (D:8)
  A wyvern zombie (D:8)
  5 scorpions
  13 wights
  48 killer bees
  A centaur zombie (D:8)
  A lava snake (D:8)
  3 hounds
  4 orc priests
  4 jellies
  2 bullfrog skeletons (D:5)
  A gnoll bouda (Lair:1)
  4 iguanas
  6 orc wizards
  4 killer bee zombies (D:8)
  2 howler monkey zombies (D:8)
  8 gnolls
  15 adders
  A shadow imp (D:7)
  A white imp (D:7)
  2 ufetubi (D:6)
  3 worms
  2 dart slugs
  24 orcs
  12 ball pythons
  2 endoplasms
  4 giant cockroaches
  9 hobgoblins
  3 jackals (D:1)
  3 quokkas
  3 bats
  3 frilled lizards
  4 goblins
  19 kobolds
  5 rats
428 creatures vanquished.

Vanquished Creatures (collateral kills)
  A two-headed ogre (Volcano)
  A merfolk siren (Lair:2)
  2 yaks
  3 wolves (Lair:2)
  A killer bee (D:9)
8 creatures vanquished.

Vanquished Creatures (others)
  3 humans (Lair:3)
  A bush (Lair:3)
  27 fungi
  56 plants
  2 withered plants (D:8)
89 creatures vanquished.

Grand Total: 525 creatures vanquished

Notes
Turn   | Place    | Note
-------+----------+-------------------------------------------
     0 | D:1      | IdlyInterested the Demonspawn Fighter began the quest for
                  | the Orb.
     0 | D:1      | Reached XP level 1. HP: 18/18 MP: 1/1
   201 | D:1      | Gained mutation: You have an unusually large brain. (Int
                  | +2) [demonic ancestry]
   201 | D:1      | Reached XP level 2. HP: 24/24 MP: 2/2
   961 | D:2      | Reached skill level 1 in Dodging
  1319 | D:2      | Gained mutation: Your touch may inflict minor irresistible
                  | damage on your foes. [demonic ancestry]
  1319 | D:2      | Reached XP level 3. HP: 27/29 MP: 3/3
  2016 | D:2      | Found a faded altar of an unknown god.
  2111 | D:3      | Reached skill level 1 in Stealth
  2111 | D:3      | Reached skill level 1 in Unarmed Combat
  2225 | D:3      | Gained mutation: Your touch may inflict irresistible damage
                  | on your foes. [demonic ancestry]
  2225 | D:3      | Reached XP level 4. HP: 35/35 MP: 4/4
  2420 | D:3      | Found Virire's Book Emporium.
  2480 | D:3      | Reached skill level 1 in Staves
  2487 | D:3      | Identified the +11 mace "String" {speed, Will++}
  2532 | D:3      | Noticed a scorpion
  2538 | D:3      | Killed a scorpion
  2539 | D:3      | Reached skill level 1 in Throwing
  2539 | D:3      | Reached skill level 2 in Unarmed Combat
  2539 | D:3      | Gained mutation: You have an extremely huge brain. (Int +4)
                  | [demonic ancestry]
  2539 | D:3      | Reached XP level 5. HP: 37/41 MP: 5/5
  2961 | D:4      | Reached skill level 1 in Evocations
  2971 | D:4      | Reached skill level 3 in Unarmed Combat
  2971 | D:4      | Reached XP level 6. HP: 12/47 MP: 6/6
  3713 | D:4      | Reached skill level 1 in Spellcasting
  3810 | D:4      | Gained mutation: You have an absolutely massive brain. (Int
                  | +6, Wiz) [demonic ancestry]
  3810 | D:4      | Reached XP level 7. HP: 46/52 MP: 9/9
  3815 | D:4      | Identified the +2 helmet of Oblivion {Dex+2}
  3849 | D:4      | Noticed Pikel
  3865 | D:4      | Killed Pikel
  3866 | D:4      | Reached skill level 4 in Unarmed Combat
  4196 | D:4      | Reached XP level 8. HP: 56/58 MP: 10/12
  4341 | D:5      | Entered Level 5 of the Dungeon
  4712 | D:5      | Found Zuaf's Serpentskin Sales.
  4728 | D:5      | Bought 5 curare-tipped darts for 42 gold pieces
  4974 | D:5      | Reached skill level 5 in Unarmed Combat
  5028 | D:5      | Found a runed translucent gate.
  5029 | D:5      | Found a runed translucent gate.
  5030 | D:5      | Found a runed translucent gate.
  5032 | D:5      | Noticed Tollund's ghost (amateur DrCj)
  5129 | D:5      | Found an ornate altar of the Wu Jian Council.
  5132 | D:5      | Found a shimmering blue altar of Sif Muna.
  5139 | D:5      | Found a burning altar of Makhleb.
  5307 | D:5      | Killed Tollund's ghost
  5308 | D:5      | Reached skill level 5 in Maces & Flails
  5459 | D:6      | Found a staircase to the Ecumenical Temple.
  5468 | Temple   | Entered the Ecumenical Temple
  5689 | D:6      | Reached XP level 9. HP: 63/63 MP: 13/13
  6250 | D:7      | Reached skill level 6 in Unarmed Combat
  6292 | D:6      | Learned a level 2 spell: Static Discharge
  6297 | D:6      | Learned a level 4 spell: Sticky Flame
  6924 | D:7      | Found an ancient bone altar of Kikubaaqudgha.
  7136 | D:8      | Reached skill level 5 in Staves
  7295 | D:8      | Gained mutation: A weak demonic guardian rushes to your
                  | aid. [demonic ancestry]
  7295 | D:8      | Reached XP level 10. HP: 50/70 MP: 16/16
  7367 | D:8      | Reached skill level 7 in Unarmed Combat
  7396 | D:8      | Paralysed by a hornet for 2 turns
  7698 | D:8      | Reached skill level 5 in Spellcasting
  8301 | D:8      | Reached skill level 5 in Conjurations
  8838 | D:5      | Bought a ring of poison resistance for 280 gold pieces
  8944 | D:8      | Noticed an elephant
  8976 | D:8      | Killed an elephant
  8983 | D:8      | Gained mutation: You regenerate a little health from kills.
                  | [demonic ancestry]
  8983 | D:8      | Reached XP level 11. HP: 58/75 MP: 18/18
  8990 | D:8      | Reached skill level 8 in Unarmed Combat
  8994 | D:8      | Reached skill level 5 in Evocations
  9155 | D:8      | Got Sif Muna's Compendium of the Voyage and the Retinue
  9517 | D:9      | Noticed Grum
  9529 | D:9      | Killed Grum
  9602 | D:9      | Reached skill level 9 in Unarmed Combat
  9635 | D:9      | Noticed Amaemon
  9645 | D:9      | Killed Amaemon
  9896 | D:9      | Found a snail-covered altar of Cheibriados.
 10196 | D:10     | Entered Level 10 of the Dungeon
 10670 | D:10     | Noticed Maggie
 10688 | D:10     | Killed Maggie
 11050 | D:10     | Found a staircase to the Lair.
 11200 | Lair:1   | Entered Level 1 of the Lair of Beasts
 11225 | Lair:1   | Reached XP level 12. HP: 56/81 MP: 21/21
 12717 | Lair:2   | Identified the +3 buckler of the Vanishing Leylines {Drain
                  | rElec rN+++ Stlth+}
 12718 | Lair:2   | Upgraded the game from 0.29-a0-998-g1987434951 to
                  | 0.29-a0-1009-g60c99734e7
 12743 | Lair:2   | Reached skill level 10 in Unarmed Combat
 12935 | Lair:2   | Reached skill level 1 in Fire Magic
 12992 | Lair:2   | Noticed a six-headed hydra
 13001 | Lair:2   | Killed a six-headed hydra
 13137 | Lair:2   | Found a staircase to the Shoals.
 13152 | Lair:2   | HP: 3/81 [cane toad (18)]
 13160 | Lair:2   | HP: 4/81 [merfolk siren/+2 vorpal trident (9)]
 13160 | Lair:2   | HP: 1/81 [merfolk siren/+2 vorpal trident (3)]
 13352 | Lair:2   | Found a transporter.
 13510 | Lair:2   | Noticed a boulder beetle
 13511 | Lair:2   | Found a transporter.
 13585 | Lair:2   | Reached skill level 1 in Poison Magic
 13996 | Lair:2   | Killed a boulder beetle
 14053 | Lair:3   | Found a dark tunnel.
 14120 | Lair:3   | Noticed Kirke
 14124 | Lair:3   | Reached XP level 13. HP: 86/86 MP: 22/22
 14146 | Lair:3   | Killed Kirke
 14159 | Lair:3   | Got the Papyrus of Big Damage
 14167 | Volcano  | Entered a volcano
 14586 | Volcano  | Reached skill level 1 in Air Magic
 14833 | Volcano  | Reached skill level 11 in Unarmed Combat
 15251 | Lair:3   | Reached skill level 10 in Maces & Flails
 15757 | Lair:3   | Found a hole to the Spider Nest.
 17617 | Lair:4   | Reached skill level 10 in Staves
 18262 | Lair:5   | Entered Level 5 of the Lair of Beasts
 18442 | Lair:5   | Found a viscous altar of Jiyva.
 18442 | Lair:5   | Found a staircase to the Slime Pits.
 18503 | Lair:5   | Slain by a six-headed hydra

Illustrated notes

Levels and vault maps discovered:
D:1:      matt_arrival_refuge, layout_loops_corners
D:2:      layout_rooms, shapermc_ecumenical_altar_petra, kennysheep_crisscross,
          chequers_mini_garden, minmay_misc_feat_five, minmay_shallow_snake_nest
D:3:      layout_loops_ring, serial_shops, nicolae_shop_hallway_plus
D:4:      layout_loops_cross, grunt_decor_fettered, minmay_snake_closets,
          uniq_pikel
D:5:      layout_loops_cross, nicolae_overflow_hallway_of_the_gods,
          gammafunk_ghost_necromancy, guppyfry_shop_venom
D:6:      layout_basic, kennysheep_mini_moat, temple_fountains,
          nicolae_kite_square_tiling_tiny, st_stairs_1, patterned_corridor
D:7:      layout_cave_pools, marbit_many_paths, minivault_10
D:8:      wad_woods_minihive, layout_basic, serial_undead, serial_undead_f,
          serial_undead_a, serial_undead_a, serial_undead_d,
          corexii_checkpoint_a, kennysheep_small_spiral, skrybe_limestone_x
D:9:      layout_basic, mainiacjoe_overflow_paths, uniq_amaemon, uniq_grum
D:10:     layout_roguey, grunt_lair_entry_orc_guard_hut, serial_glass,
          glass_columns_c, glass_columns_c, feat_on_display,
          due_unseen_surprise, uniq_maggie
Temple:   nicolae_temple_great_sept
Lair:1:   layout_gridlike, dreamdust_gnoll_shepherd
Lair:2:   gammafunk_boulding_lane, layout_regular_city,
          elwin_shoals_entry_stream, grunt_forest_large_clearings
Lair:3:   dragon1_lemuel, layout_loops_ring, spider_nest_entry_webs,
          nicolae_volcano_entry_two_sided, uniq_kirke
Lair:4:   layout_cave_pods
Lair:5:   minmay_lair_end_frog_pond, layout_gridlike, slime_entry_1,
          nzn_masters_of_martial_movement

Skill      XL: |  1  2  3  4  5  6  7  8  9 10 11 12 13 |
---------------+----------------------------------------+-----
Maces & Flails | 2 3 4 5 6 8 9 10 | 10.5
Dodging        | 1 2 3 |  3.0
Stealth        | 1 2 3 |  3.0
Unarmed Combat | 1 2 3 4 5 6 7 9 10 11 | 11.1
Staves         | 2 3 4 5 6 7 9 10 | 10.0
Throwing       | 1 2 3 |  3.0
Evocations     | 1 2 3 4 6 7 |  7.0
Spellcasting   | 1 2 3 4 5 6 |  6.1
Conjurations   | 2 3 4 5 6 7 |  7.0
Armour         | 3 |  3.0
Shields        | 3 |  3.0
Fire Magic     | 3 |  3.0
Poison Magic   | 2 3 |  3.0
Air Magic      | 3 |  3.0
Fighting       | |  3.0

Action                   |  1- 3 |  4- 6 |  7- 9 | 10-12 | 13-15 || total
-------------------------+-------+-------+-------+-------+-------++-------
Melee: Flail             |   105 |    19 |       |       |       ||   124
       Touch             |     2 |    16 |    33 |   125 |    63 ||   239
       Mace              |       |    85 |   196 |   777 |   302 ||  1360
       Punch             |       |     1 |     6 |    41 |    33 ||    81
Throw: Dart              |       |       |     8 |       |       ||     8
       Boomerang         |       |       |       |       |    17 ||    17
 Cast: Static Discharge  |       |       |     6 |       |       ||     6
       Sticky Flame      |       |       |       |     3 |       ||     3
Evoke: Wand              |       |       |       |     3 |     9 ||    12
       Box of beasts     |       |       |       |     1 |       ||     1
  Use: Scroll            |     8 |     4 |     9 |     7 |     2 ||    30
       Potion            |     1 |     1 |     3 |     7 |     1 ||    13
 Stab: Sleeping          |       |       |       |     2 |     5 ||     7
       Distracted        |       |       |       |     3 |       ||     3
Armor: Scale mail        |    45 |    31 |    23 |       |       ||    99
       Chain mail        |       |       |    20 |       |     3 ||    23
       Steam dragon scal |       |       |    34 |   182 |       ||   216
       Plate armour      |       |       |    24 |       |       ||    24
       Acid dragon scale |       |       |       |   145 |   105 ||   250
       Robe              |       |       |       |       |     1 ||     1
Dodge: Dodged            |    28 |    29 |    79 |   407 |   112 ||   655
Block: Buckler           |    44 |       |       |       |       ||    44
       Other             |     2 |    20 |    44 |   168 |    60 ||   294
       Reflection        |       |     1 |     2 |     5 |       ||     8

Table legend: (Time is in decaauts)
 A = Elapsed time spent in this place.
 B = Non-inter-level travel time spent in this place.
 C = Inter-level travel time spent in this place.
 D = Time resting spent in this place.
 E = Time spent auto-exploring this place.
 F = Levels seen in this place.
 G = Mean time per level.
                   A        B        C        D        E       F      G
               +--------+--------+--------+--------+--------+-----+--------+
         Total |  18048 |  16118 |   1930 |   2691 |   9791 |  17 | 1061.6 |
       Dungeon |  10915 |   9547 |   1368 |   1075 |   6065 |  10 | 1091.5 |
        Temple |     84 |     72 |     12 |      0 |     60 |   1 |   84.0 |
          Lair |   6120 |   5570 |    550 |   1073 |   3508 |   5 | 1224.0 |
       Volcano |    927 |    927 |      0 |    543 |    158 |   1 |  927.0 |
               +--------+--------+--------+--------+--------+-----+--------+

Top non-repeatable levels by time:
     D:8: 2177 daAuts
  Lair:3: 1807 daAuts
  Lair:4: 1528 daAuts
  Lair:1: 1470 daAuts
  Lair:2: 1261 daAuts
     D:3: 1217 daAuts
     D:4: 1202 daAuts
     D:2: 1090 daAuts
     D:1: 1013 daAuts
     D:5: 986 daAuts
 Volcano: 927 daAuts
    D:10: 906 daAuts
     D:9: 785 daAuts
     D:6: 771 daAuts
     D:7: 764 daAuts
